ITL
BIRMINGHAM BARONS @ TUSCALOOSA TROUT SLAYERS
07/31/2027
 
TOP OF THE 1ST
Birmingham Barons batting - Pitching for Tuscaloosa Trout Slayers : RHP Jesús Zapata
Pitching: RHP Jesús Zapata
Batting: LHB Al Gaines 0-0: Ball
1-0: Foul Ball, location: 2F
1-1: Fly out, F8 (Line Drive, 89M)
Batting: RHB Warren Martin 0-0: Ball
1-0: Ball
2-0: Ball
3-0: Called Strike
3-1: Base on Balls
Batting: RHB Yujiro Kurihara 0-0: Called Strike
0-1: Foul Ball, location: 2F
0-2: Ball
1-2: Ball
2-2: Foul Ball, location: 2F
2-2: Foul Ball, location: 2F
2-2: SINGLE (Groundball, 6D)
Warren Martin to second
Batting: RHB Jean-Paul St-Pierre 0-0: Ball
Yujiro Kurihara steals 2nd base
Warren Martin to third
1-0: Called Strike
1-1: Fly out, F3 (Popup, 34)
Batting: RHB Vicente Elías 0-0: Called Strike
0-1: Called Strike
0-2: Ground out 6-3 (Groundball, 6)
Top of the 1st over - 0 run(s), 1 hit(s), 0 error(s), 2 left on base; Birmingham 0 - Tuscaloosa 0
BOTTOM OF THE 1ST
Tuscaloosa Trout Slayers batting - Pitching for Birmingham Barons : RHP Michael Young
Pitching: RHP Michael Young
Batting: RHB Lowie van den Bogaert 0-0: Foul Ball, location: 2F
0-1: Swinging Strike
0-2: Reached on error, E5 (Groundball, 56)
Batting: RHB Pat Fullerton 0-0: Swinging Strike
0-1: Ball
1-1: Swinging Strike
1-2: Reached on error, E6 (Groundball, 6)
Lowie van den Bogaert to second
Batting: LHB António Cedeño 0-0: Swinging Strike
0-1: Ball
1-1: Ball
2-1: Ball
3-1: Base on Balls
Lowie van den Bogaert to third
Pat Fullerton to second
Batting: RHB Ben Morton 0-0: DOUBLE (Flyball, 78D)
Lowie van den Bogaert scores
Pat Fullerton scores
António Cedeño to third
Batting: LHB Marcos Villarreal 0-0: Foul Ball, location: 2F
0-1: Ball
1-1: Ball
2-1: Ball
3-1: Foul Ball, location: 2F
3-2: Foul Ball, location: 2F
3-2: Base on Balls
Batting: LHB Ed Hart 0-0: Ball
1-0: Ball
2-0: SINGLE (Groundball, 56D)
António Cedeño scores
Ben Morton to third
Marcos Villarreal to second
Batting: RHB Jason Saunders 0-0: Ball
1-0: Fly out, F8 (Flyball, 8LM)
Runner from 3rd tags up, SCORES, throw made
Batting: RHB Shigemasa Ishida 0-0: Ball
1-0: Ball
2-0: Ball
3-0: Called Strike
3-1: Base on Balls
Marcos Villarreal to third
Ed Hart to second
Batting: LHB Mark Owens 0-0: Foul Ball, location: 2F
0-1: Foul Ball, location: 2F
0-2: Ball
1-2: Strikes out looking
Batting: RHB Lowie van den Bogaert 0-0: Ball
Wild Pitch!
Marcos Villarreal scores
Ed Hart to third
Shigemasa Ishida to second
1-0: Foul Ball, location: 2F
1-1: Ball
2-1: Ball
3-1: Base on Balls
Batting: RHB Pat Fullerton 0-0: Ball
1-0: Foul Ball, location: 2F
1-1: Foul Ball, location: 2F
1-2: Foul Ball, location: 2F
1-2: Ball
2-2: Ball
3-2: Ground out 6-3 (Groundball, 6M)
Bottom of the 1st over - 5 run(s), 2 hit(s), 2 error(s), 3 left on base; Birmingham 0 - Tuscaloosa 5
TOP OF THE 2ND
Birmingham Barons batting - Pitching for Tuscaloosa Trout Slayers : RHP Jesús Zapata
Batting: RHB Peyton Yardley 0-0: Called Strike
0-1: Foul Ball, location: 2F
0-2: Ground out 4-3 (Groundball, 4)
Batting: LHB Marc May 0-0: Swinging Strike
0-1: Foul Ball, location: 2F
0-2: Fly out, F6 (Line Drive, 6M)
Batting: RHB Pete Smith 0-0: Swinging Strike
0-1: Foul Ball, location: 2F
0-2: Ball
1-2: Foul Ball, location: 2F
1-2: Fly out, F9 (Flyball, 89D)
Top of the 2nd over - 0 run(s), 0 hit(s), 0 error(s), 0 left on base; Birmingham 0 - Tuscaloosa 5
BOTTOM OF THE 2ND
Tuscaloosa Trout Slayers batting - Pitching for Birmingham Barons : RHP Michael Young
Batting: LHB António Cedeño 0-0: Called Strike
0-1: Ball
1-1: Ball
2-1: Called Strike
2-2: Strikes out swinging
Batting: RHB Ben Morton 0-0: Called Strike
0-1: Fly out, F9 (Flyball, 89M)
Batting: LHB Marcos Villarreal 0-0: Called Strike
0-1: Fly out, F7 (Flyball, 78M)
Bottom of the 2nd over - 0 run(s), 0 hit(s), 0 error(s), 0 left on base; Birmingham 0 - Tuscaloosa 5
TOP OF THE 3RD
Birmingham Barons batting - Pitching for Tuscaloosa Trout Slayers : RHP Jesús Zapata
Batting: RHB David Raymos 0-0: Ball
1-0: Called Strike
1-1: Ground out 5-3 (Groundball, 5)
Batting: LHB Al Gaines 0-0: Called Strike
0-1: Ball
1-1: Called Strike
1-2: Strikes out looking
Batting: RHB Warren Martin 0-0: Ball
1-0: Swinging Strike
1-1: Called Strike
1-2: Fly out, F9 (Flyball, 9LS)
Top of the 3rd over - 0 run(s), 0 hit(s), 0 error(s), 0 left on base; Birmingham 0 - Tuscaloosa 5
BOTTOM OF THE 3RD
Tuscaloosa Trout Slayers batting - Pitching for Birmingham Barons : RHP Michael Young
Batting: LHB Ed Hart 0-0: Ball
1-0: SOLO HOME RUN (Flyball, 9D), Distance : 401 ft
Batting: RHB Jason Saunders 0-0: Ball
1-0: Swinging Strike
1-1: Foul Ball, location: 2F
1-2: Ball
2-2: Strikes out swinging
Batting: RHB Shigemasa Ishida 0-0: Called Strike
0-1: SINGLE (Groundball, 6D)
Batting: LHB Mark Owens 0-0: Ball
1-0: Ball
2-0: Called Strike
2-1: Fly out, F8 (Flyball, 78M)
Batting: RHB Lowie van den Bogaert 0-0: Ball
1-0: Ball
2-0: Called Strike
2-1: Ball
3-1: Called Strike
3-2: Fly out, F9 (Line Drive, 9)
Bottom of the 3rd over - 1 run(s), 2 hit(s), 0 error(s), 1 left on base; Birmingham 0 - Tuscaloosa 6
TOP OF THE 4TH
Birmingham Barons batting - Pitching for Tuscaloosa Trout Slayers : RHP Jesús Zapata
Batting: RHB Yujiro Kurihara 0-0: Swinging Strike
0-1: Ball
1-1: Swinging Strike
1-2: Ball
2-2: Ball
3-2: Foul Ball, location: 2F
3-2: Base on Balls
Batting: RHB Jean-Paul St-Pierre 0-0: Ball
1-0: Called Strike
1-1: Called Strike
1-2: Strikes out swinging
Batting: RHB Vicente Elías 0-0: Called Strike
0-1: Ball
1-1: Ground out 5-3 (Groundball, 56S)
Yujiro Kurihara to second
Batting: RHB Peyton Yardley 0-0: Called Strike
0-1: Foul Ball, location: 2F
0-2: Ball
1-2: Strikes out swinging
Top of the 4th over - 0 run(s), 0 hit(s), 0 error(s), 1 left on base; Birmingham 0 - Tuscaloosa 6
BOTTOM OF THE 4TH
Tuscaloosa Trout Slayers batting - Pitching for Birmingham Barons : RHP Michael Young
Batting: RHB Pat Fullerton 0-0: Ball
1-0: Called Strike
1-1: Foul Ball, location: 2F
1-2: Ball
2-2: Fly out, F9 (Flyball, 9D)
Batting: LHB António Cedeño 0-0: Ball
1-0: Ball
2-0: Foul Ball, location: 2F
2-1: Called Strike
2-2: Fly out, F9 (Flyball, 89D)
Batting: RHB Ben Morton 0-0: Fly out, F9 (Flyball, 89M)
Bottom of the 4th over - 0 run(s), 0 hit(s), 0 error(s), 0 left on base; Birmingham 0 - Tuscaloosa 6
TOP OF THE 5TH
Birmingham Barons batting - Pitching for Tuscaloosa Trout Slayers : RHP Jesús Zapata
Batting: LHB Marc May 0-0: Ball
1-0: SINGLE (Line Drive, 6MD)
Batting: RHB Pete Smith 0-0: Ball
1-0: Foul Ball, location: 2F
1-1: Ball
2-1: Ball
3-1: 2-RUN HOME RUN (Flyball, 7LD), Distance : 332 ft
Batting: RHB David Raymos 0-0: Ball
1-0: Foul Ball, location: 2F
1-1: Ground out 6-3 (Groundball, 6S)
Batting: LHB Al Gaines 0-0: Ground out U3 (Groundball, 3)
Batting: RHB Warren Martin 0-0: Ball
1-0: Called Strike
1-1: Ball
2-1: Foul Ball, location: 2F
2-2: Foul Ball, location: 2F
2-2: Ball
3-2: Base on Balls
Batting: RHB Yujiro Kurihara 0-0: Called Strike
0-1: Ball
Warren Martin steals 2nd base
1-1: SINGLE (Groundball, 6MD)
Warren Martin to third
Runner from 3rd tries for Home, SAFE, no throw
Batting: RHB Jean-Paul St-Pierre 0-0: Called Strike
0-1: SINGLE (Groundball, 6MD)
Yujiro Kurihara to second
Runner from 2nd tries for 3rd, SAFE, no throw
Batting: RHB Vicente Elías 0-0: Ball
1-0: Ball
2-0: Ball
3-0: Called Strike
3-1: Fly out, F9 (Flyball, 9S)
Top of the 5th over - 3 run(s), 4 hit(s), 0 error(s), 2 left on base; Birmingham 3 - Tuscaloosa 6
BOTTOM OF THE 5TH
Tuscaloosa Trout Slayers batting - Pitching for Birmingham Barons : RHP Michael Young
Pitching: RHP Pedro Valdés
Batting: LHB Marcos Villarreal 0-0: Called Strike
0-1: Ball
1-1: Ball
2-1: DOUBLE (Flyball, 78XD)
Batting: LHB Ed Hart 0-0: Foul Ball, location: 2F
0-1: Fly out, F8 (Flyball, 8LM)
Batting: RHB Jason Saunders 0-0: Ball
1-0: Ball
2-0: DOUBLE (Line Drive, 8LXD)
Marcos Villarreal scores
Batting: RHB Shigemasa Ishida 0-0: 2-RUN HOME RUN (Flyball, 7LD), Distance : 353 ft
Pitching: RHP Jim Hicks
Batting: LHB Mark Owens 0-0: Swinging Strike
0-1: Foul Ball, location: 2F
0-2: Strikes out looking
Batting: RHB Lowie van den Bogaert 0-0: Foul Ball, location: 2F
0-1: Called Strike
0-2: Foul Ball, location: 2F
0-2: Strikes out swinging
Bottom of the 5th over - 3 run(s), 3 hit(s), 0 error(s), 0 left on base; Birmingham 3 - Tuscaloosa 9
TOP OF THE 6TH
Birmingham Barons batting - Pitching for Tuscaloosa Trout Slayers : RHP Jesús Zapata
Batting: RHB Peyton Yardley 0-0: Swinging Strike
0-1: Foul Ball, location: 2F
0-2: Fly out, F7 (Flyball, 7)
Batting: LHB Marc May 0-0: Called Strike
0-1: Ball
1-1: Fly out, F9 (Flyball, 9D)
Batting: RHB Pete Smith 0-0: Ball
1-0: Foul Ball, location: 2F
1-1: Foul Ball, location: 2F
1-2: Foul Ball, location: 2F
1-2: Ball
2-2: Strikes out swinging
Top of the 6th over - 0 run(s), 0 hit(s), 0 error(s), 0 left on base; Birmingham 3 - Tuscaloosa 9
BOTTOM OF THE 6TH
Tuscaloosa Trout Slayers batting - Pitching for Birmingham Barons : RHP Jim Hicks
Batting: RHB Pat Fullerton 0-0: Fly out, F8 (Flyball, 8LD)
Batting: LHB António Cedeño 0-0: SOLO HOME RUN (Flyball, 89XD), Distance : 400 ft
Batting: RHB Ben Morton 0-0: Ball
1-0: Foul Ball, location: 2F
1-1: Ball
2-1: Fly out, F6 (Popup, 6D)
Batting: LHB Marcos Villarreal 0-0: Called Strike
0-1: Ball
1-1: Foul Ball, location: 2F
1-2: Fly out, F6 (Line Drive, 6)
Bottom of the 6th over - 1 run(s), 1 hit(s), 0 error(s), 0 left on base; Birmingham 3 - Tuscaloosa 10
TOP OF THE 7TH
Birmingham Barons batting - Pitching for Tuscaloosa Trout Slayers : RHP Jesús Zapata
Pitching: RHP Jimmy Bradley
Batting: RHB David Raymos 0-0: Ball
1-0: Fly out, F8 (Flyball, 78M)
Batting: LHB Al Gaines 0-0: Ball
1-0: Ball
2-0: Called Strike
2-1: DOUBLE (Line Drive, 7LM)
Batting: RHB Warren Martin 0-0: Ball
1-0: Called Strike
1-1: Ground out 5-3 (Groundball, 56S)
Al Gaines to third
Batting: RHB Yujiro Kurihara 0-0: Ground out 1-3 (Groundball, P)
Top of the 7th over - 0 run(s), 1 hit(s), 0 error(s), 1 left on base; Birmingham 3 - Tuscaloosa 10
BOTTOM OF THE 7TH
Tuscaloosa Trout Slayers batting - Pitching for Birmingham Barons : RHP Jim Hicks
Batting: LHB Ed Hart 0-0: SINGLE (Line Drive, 6MD)
Batting: RHB Jason Saunders 0-0: Ball
1-0: Swinging Strike
1-1: Foul Ball, location: 2F
1-2: Ball
2-2: Foul Ball, location: 2F
2-2: Ball
3-2: Strikes out looking
Batting: RHB Shigemasa Ishida 0-0: SINGLE (Flyball, 89S)
Ed Hart to second
Throwing error, E9
Ed Hart scores
Shigemasa Ishida to second
Batting: LHB Mark Owens 0-0: Ball
1-0: Foul Ball, location: 2F
1-1: Fly out, F7 (Flyball, 7)
Batting: RHB Lowie van den Bogaert 0-0: Called Strike
0-1: Swinging Strike
0-2: Strikes out swinging
Bottom of the 7th over - 1 run(s), 2 hit(s), 1 error(s), 1 left on base; Birmingham 3 - Tuscaloosa 11
TOP OF THE 8TH
Birmingham Barons batting - Pitching for Tuscaloosa Trout Slayers : RHP Jimmy Bradley
Batting: RHB Jean-Paul St-Pierre 0-0: Foul Ball, location: 2F
0-1: Foul Ball, location: 2F
0-2: Ball
1-2: Ball
2-2: Strikes out looking
Batting: RHB Vicente Elías 0-0: Ball
1-0: Called Strike
1-1: Foul Ball, location: 2F
1-2: Ball
2-2: Foul Ball, location: 2F
2-2: Ground out U3 (Groundball, 34D)
Batting: RHB Peyton Yardley 0-0: Called Strike
0-1: Ball
1-1: Swinging Strike
1-2: Ground out 6-3 (Groundball, 6)
Top of the 8th over - 0 run(s), 0 hit(s), 0 error(s), 0 left on base; Birmingham 3 - Tuscaloosa 11
BOTTOM OF THE 8TH
Tuscaloosa Trout Slayers batting - Pitching for Birmingham Barons : RHP Jim Hicks
Batting: RHB Pat Fullerton 0-0: Foul Ball, location: 2F
0-1: Ball
1-1: Ball
2-1: Ball
3-1: Foul Ball, location: 2F
3-2: Foul Ball, location: 2F
3-2: Base on Balls
Batting: LHB António Cedeño 0-0: Fly out, F9 (Line Drive, 9D)
Pitching: LHP Manuel Soto
Batting: RHB Ben Morton 0-0: Ball
1-0: Called Strike
1-1: Foul Ball, location: 2F
1-2: Strikes out swinging
Batting: LHB Marcos Villarreal 0-0: Ball
1-0: SINGLE (Line Drive, 7S)
Pat Fullerton to second
Batting: LHB Ed Hart 0-0: Called Strike
0-1: Ball
1-1: Ball
2-1: Called Strike
2-2: Strikes out looking
Bottom of the 8th over - 0 run(s), 1 hit(s), 0 error(s), 2 left on base; Birmingham 3 - Tuscaloosa 11
TOP OF THE 9TH
Birmingham Barons batting - Pitching for Tuscaloosa Trout Slayers : RHP Jimmy Bradley
Now in LF: Kurt Walter
Batting: LHB Marc May 0-0: Called Strike
0-1: Ball
1-1: SOLO HOME RUN (Flyball, 9D), Distance : 397 ft
Pinch Hitting: RHB Juan Jiménez 0-0: Ball
1-0: Foul Ball, location: 2F
1-1: Ball
2-1: Ball
3-1: Swinging Strike
3-2: Foul Ball, location: 2F
3-2: Foul Ball, location: 2F
3-2: Foul Ball, location: 2F
3-2: Base on Balls
Batting: RHB David Raymos 0-0: Called Strike
0-1: Ball
1-1: Ball
2-1: SINGLE (Groundball, 4MD)
Juan Jiménez to second
Batting: LHB Al Gaines 0-0: Ball
1-0: Called Strike
1-1: Called Strike
1-2: Foul Ball, location: 2F
1-2: Strikes out swinging
Batting: RHB Warren Martin 0-0: Ball
1-0: Foul Ball, location: 2F
1-1: Grounds into double play, 5-4-3 (Groundball, 56)
Top of the 9th over - 1 run(s), 2 hit(s), 0 error(s), 1 left on base; Birmingham 4 - Tuscaloosa 11
Thursday, March 30th, 2017 - OOTP Baseball 17.12 Build 75